 Dungeon Crawl Stone Soup version 0.28-a0-987-g8383568036 (webtiles) character file.

Game seed: 5797810884957222885

19 Decritt the Skirmisher (level 2, -1/19 HPs)
             Began as a Gargoyle Fighter on Dec 4, 2021.
             Slain by Terence (8 damage)
             ... on level 2 of the Dungeon.
             The game lasted 00:01:21 (1109 turns).

Decritt the Skirmisher (Gargoyle Fighter)           Turns: 1109, Time: 00:01:22

Health: -1/19      AC:  9    Str: 19    XL:     2   Next: 75%
Magic:  2/2        EV:  9    Int:  8    God:
Gold:   34         SH:  4    Dex:  9    Spells: 1/1 levels left

rFire   . . .      SeeInvis .   a - +0 flail
rCold   . . .      Faith    .   c - +0 buckler
rNeg    + . .      Spirit   .   b - +0 scale mail
rPois   ∞          Reflect  .   (no helmet)
rElec   +          Harm     .   (no cloak)
rCorr   .          Rampage  .   (no gloves)
Will    .....                   (no boots)
Stlth   ..........              (no amulet)
HPRegen 0.06/turn               (no ring)
MPRegen 0.08/turn               (no ring)

@: no status effects
A: sickness immunity, AC +2, negative energy resistance 1, electricity
resistance, torment resistance 1, petrification resistance
a: no special abilities


You were on level 2 of the Dungeon.
You visited 1 branch of the dungeon, and saw 2 of its levels.

You collected 34 gold pieces.

Inventory:

Hand Weapons
 a - a +0 flail (weapon)
Armour
 b - a +0 scale mail (worn)
 c - a +0 buckler (worn)
Scrolls
 e - 3 scrolls of enchant weapon {unknown}
 g - 2 scrolls of identify {unknown}
Potions
 d - a potion of might
 f - a potion of haste {unknown}


   Skills:
 * Level 3.6 Fighting
 * Level 2.4 Maces & Flails
 + Level 3.4 Armour
 + Level 3.5 Shields


You had one spell level left.
You didn't know any spells.
Your spell library was empty.

Dungeon Overview and Level Annotations

Branches:
Dungeon (2/15)

Altars:

Annotations:
D:2 Terence


Innate Abilities, Weirdness & Mutations

You are immune to sickness and miasma.
Your stone body is resilient. (AC +2)
You are immune to poison.
You resist negative energy. (rN+)
You are resistant to electric shocks. (rElec)
You are resistant to unholy torment.
You are immune to petrification.


Message History

You sock the endoplasm!
You kill the endoplasm!
No target in view!
There is a stone staircase leading up here.
Terence the Incautious comes into view.
He is wielding a +0 short sword.
Terence shouts!
You hear an angry hiss.
Terence bares his teeth.
A ball python comes into view.
Terence shouts, "Now you die!" Terence completely misses you.
You closely miss Terence. Terence hits you with a +0 short sword.
You barely miss Terence. Terence hits you with a +0 short sword.
Terence misses you.
You hit Terence.
Terence is moderately wounded.
A quokka comes into view.
You block Terence's attack.
You barely miss Terence.
Terence is moderately wounded.
You block Terence's attack.
You barely miss Terence.
Terence is moderately wounded.
Terence hits you with a +0 short sword. Terence hits you but does no damage.
You sock Terence!
Terence is almost dead.
Terence hits you with a +0 short sword.
* * * LOW HITPOINT WARNING * * *
You hit Terence but do no damage.
Terence is almost dead.
You block Terence's attack.
You closely miss Terence.
Terence is almost dead.
Terence hits you with a +0 short sword.
* * * LOW HITPOINT WARNING * * *
Terence hits you with a +0 short sword.
* * * LOW HITPOINT WARNING * * *
You barely miss Terence.
Terence is almost dead.
Terence hits you with a +0 short sword!
You die...

#
####r#
#.@@S#
#.####
#.#
#.#
#.#
#.#
#<#
#.#
#.#


You could see Terence, a quokka and a ball python.

Vanquished Creatures
  3 ball pythons
  4 endoplasms
  A giant cockroach (D:1)
  A goblin (D:1)
  5 bats (D:1)
  A frilled lizard (D:1)
  A kobold (D:1)
16 creatures vanquished.

Notes
Turn   | Place    | Note
-------+----------+-------------------------------------------
     0 | D:1      | Decritt the Gargoyle Fighter began the quest for the Orb.
     0 | D:1      | Reached XP level 1. HP: 14/14 MP: 1/1
   580 | D:1      | Reached XP level 2. HP: 19/19 MP: 2/2
   968 | D:1      | Found a faded altar of an unknown god.
  1099 | D:2      | Noticed Terence
  1109 | D:2      | Slain by Terence

Illustrated notes

Levels and vault maps discovered:
D:1:      lemuel_arrival_broad_hall, layout_loops_ring,
          shapermc_ecumenical_altar_pompeii
D:2:      kb_forest_paths, layout_loops_ring, uniq_crazy_yiuf_cottage,
          uniq_terence, uniq_jessica

Action                   || total
-------------------------++-------
Melee: Flail             ||    63
Armor: Scale mail        ||    48
Dodge: Dodged            ||    32
Block: Buckler           ||    14

Table legend: (Time is in decaauts)
 A = Elapsed time spent in this place.
 B = Non-inter-level travel time spent in this place.
 C = Inter-level travel time spent in this place.
 D = Time resting spent in this place.
 E = Time spent auto-exploring this place.
 F = Levels seen in this place.
 G = Mean time per level.
                   A        B        C        D        E       F      G
               +--------+--------+--------+--------+--------+-----+--------+
         Total |   1128 |   1114 |     14 |      0 |    960 |   2 |  564.0 |
       Dungeon |   1128 |   1114 |     14 |      0 |    960 |   2 |  564.0 |
               +--------+--------+--------+--------+--------+-----+--------+

Top non-repeatable levels by time:
     D:1: 1037 daAuts
     D:2: 90 daAuts
